[Event "Cayman op"]
[Site "George Town CAY"]
[Date "2024.05.04"]
[Round "2"]
[White "Song, Michael"]
[Black "Tari, Aryan"]
[Result "0-1"]
[ECO "A50"]
[WhiteElo "2399"]
[BlackElo "2634"]
[PlyCount "36"]
[GameId "2129404697849519"]
[EventDate "2024.05.04"]
[EventType "swiss"]
[EventRounds "6"]
[EventCountry "CAY"]
[SourceTitle "10 Days #758"]
[Source "ChessMix "]
[SourceDate "2024.05.10"]
[SourceVersion "1"]
[SourceVersionDate "2024.05.10"]
[SourceQuality "1"]
[TimeControl "5400+30"]

1. d4 Nf6 2. c4 e6 3. Bf4 d5 4. cxd5 Nxd5 5. Bg3 c5 6. e4 Nf6 7. Nd2 Qxd4 8. Ngf3 Qd8 9. e5 Nd5 10. a3 Nc6 11. Rc1 Nce7 12. Ne4 Nf5 13. Nxc5 Bxc5 14. Rxc5 h5 15. Bd3 h4 16. Bxf5 hxg3 17. fxg3 b6 18. Rc6 Bd7 0-1

[Event "Cayman op"]
[Site "George Town CAY"]
[Date "2024.05.05"]
[Round "3"]
[White "Song, Michael"]
[Black "Budisavljevic, Luka"]
[Result "1-0"]
[ECO "C36"]
[WhiteElo "2399"]
[BlackElo "2476"]
[PlyCount "67"]
[GameId "2129404697849522"]
[EventDate "2024.05.04"]
[EventType "swiss"]
[EventRounds "6"]
[EventCountry "CAY"]
[SourceTitle "10 Days #758"]
[Source "ChessMix "]
[SourceDate "2024.05.10"]
[SourceVersion "1"]
[SourceVersionDate "2024.05.10"]
[SourceQuality "1"]
[TimeControl "5400+30"]

1. e4 e5 2. f4 d5 3. exd5 exf4 4. Nf3 Nf6 5. Bb5+ c6 6. dxc6 Nxc6 7. d4 Bd6 8. O-O O-O 9. Nbd2 h6 10. c3 g5 11. Bd3 Re8 12. Re1 Bc7 13. Rxe8+ Qxe8 14. Qe1 Qf8 15. Ne4 Nh7 16. b4 Ne7 17. c4 Nf5 18. Bb2 Ne3 19. d5 f6 20. c5 Qf7 21. d6 Bd8 22. Qc3 a6 23. a4 Be6 24. b5 Nd5 25. Qd4 g4 26. Nfd2 axb5 27. axb5 Rxa1+ 28. Bxa1 Ng5 29. Nxg5 hxg5 30. Ne4 Kf8 31. Nxg5 fxg5 32. Qh8+ Qg8 33. Qh6+ Ke8 34. Bh7 1-0

[Event "Cayman op"]
[Site "George Town CAY"]
[Date "2024.05.05"]
[Round "4"]
[White "Young, Christopher"]
[Black "Song, Michael"]
[Result "0-1"]
[ECO "E60"]
[WhiteElo "1757"]
[BlackElo "2399"]
[PlyCount "41"]
[GameId "2129404697849528"]
[EventDate "2024.05.04"]
[EventType "swiss"]
[EventRounds "6"]
[EventCountry "CAY"]
[SourceTitle "10 Days #758"]
[Source "ChessMix "]
[SourceDate "2024.05.10"]
[SourceVersion "1"]
[SourceVersionDate "2024.05.10"]
[SourceQuality "1"]
[TimeControl "5400+30"]

1. d4 f5 2. c4 Nf6 3. Nf3 g6 4. b3 Bg7 5. Bb2 O-O 6. g3 Ne4 7. Bg2 c5 8. O-O Nc6 9. e3 d6 10. Nbd2 Qa5 11. Nxe4 fxe4 12. Ne1 cxd4 13. exd4 d5 14. Nc2 e6 15. f3 dxc4 16. bxc4 e5 17. d5 Qb6+ 18. Kh1 Qxb2 19. dxc6 bxc6 20. fxe4 Be6 21. Rxf8+ 0-1

[Event "Cayman op"]
[Site "George Town CAY"]
[Date "2024.05.06"]
[Round "6"]
[White "Christiansen, Johan-Sebastian"]
[Black "Song, Michael"]
[Result "1-0"]
[ECO "C45"]
[WhiteElo "2651"]
[BlackElo "2399"]
[PlyCount "47"]
[GameId "2129404697849534"]
[EventDate "2024.05.04"]
[EventType "swiss"]
[EventRounds "6"]
[EventCountry "CAY"]
[SourceTitle "10 Days #758"]
[Source "ChessMix "]
[SourceDate "2024.05.10"]
[SourceVersion "1"]
[SourceVersionDate "2024.05.10"]
[SourceQuality "1"]
[TimeControl "5400+30"]

1. e4 e5 2. Nf3 Nc6 3. d4 exd4 4. Nxd4 Bb4+ 5. c3 Bc5 6. Be3 Bb6 7. Nf5 Bxe3 8. Nxe3 d6 9. Bd3 Nf6 10. O-O O-O 11. f4 a5 12. Qf3 Nd7 13. Nd2 Nc5 14. Bc2 Ne7 15. Rad1 Bd7 16. f5 Bb5 17. c4 Bd7 18. e5 dxe5 19. f6 Ng6 20. Ne4 Nxe4 21. Bxe4 Ra6 22. fxg7 Kxg7 23. Bf5 Rd6 24. Rxd6 1-0